AoeStats
← Bliitzz67

Nomad

508695618Analyzed
3v3 RM · 10d ago on Sep 23, 2026· 36m 48s· 6 players
Game mode
Random Map
Map size
210×210
Population
200
Speed
Normal
Resources
Standard
Victory
Conquest
Starting age
Dark Age
Ending age
Imperial Age
RankedLock teamsTeams togetherTeam positionsShared explorationLock speedFull tech treeHidden civsTurbo modeCheats
Victory
Defeat
🇦🇷 Inca · Argentina
1070
+15
🇬🇧 Saxons · United Kingdom
1004
+18
🇨🇦 Malians · Canada
993
+18
🇫🇷 Turks · France
1048
-17
🇷🇴 Spanish · Romania
1037
-17
🇳🇴 Mongols · Norway
1035
-17
ErlendDenStore
4:39 Loom
15:46 Feudal Age
16:51 Double-Bit Axe
28:49 Horse Collar
31:33 Castle Age
30:16 Wheelbarrow
29:27 Town Watch
29:36 Gold Mining
29:37 Stone Mining
29:39 Fletching
30:43 Scale Barding Armor
31:09 Bloodlines
31:19 Padded Archer Armor
Bliitzz67
4:52 Loom
15:17 Feudal Age
19:33 Castle Age
21:05 Wheelbarrow
36:17 Imperial Age
Ryu
4:51 Loom
14:30 Feudal Age
14:59 Double-Bit Axe
17:19 Stone Mining
23:46 Castle Age
24:45 Bow Saw
33:27 Wheelbarrow
32:38 Town Watch
33:40 Forging
34:25 Scale Barding Armor
36:32 Chain Barding Armor
TheToivi
13:51 Feudal Age
15:13 Town Watch
21:10 Castle Age
20:23 Loom
27:39 Fletching
Cartucho
7:12 Loom
14:55 Feudal Age
15:32 Town Watch
15:19 Champi Runner
19:11 Arson
21:51 Castle Age
20:12 Stone Mining
20:10 Double-Bit Axe
22:25 Wheelbarrow
22:36 Elite Skirmisher
23:11 Horse Collar
31:21 Fletching
36:42 Bodkin Arrow
dasorux
5:27 Loom
15:09 Feudal Age
16:20 Town Watch
16:59 Double-Bit Axe
18:51 Fishing Lines
20:17 Wheelbarrow
23:17 Castle Age
23:46 Elite Skirmisher
26:26 Fletching
26:49 Light Cavalry
30:09 Hand Cart
35:05 Imperial Age
34:27 Town Patrol
35:14 Scale Mail Armor
36:24 Conscription
36:40 Man-at-Arms
37:22 Squires
37:08 Arson
Connection lost

Rejoining the realm…

Still unreachable

The connection could not be restored.

Session expired

The server has moved on; the page needs a fresh start.